 Dungeon Crawl Stone Soup version 0.31.0-32-g396128a36d (webtiles) character file.

Game seed: 100335774262914435

2012 Wormsign the Shield-Bearer (level 9, 0/62 HPs)
             Began as an Octopode Fighter on Mar 17, 2024.
             Was a Priest of Zin.
             Slain by a gnoll
             ... wielding a +0 spear
             ... led by a gnoll bouda
              (8 damage)
             ... on level 6 of the Dungeon.
             The game lasted 00:09:50 (6546 turns).

Wormsign the Shield-Bearer (Octopode Fighter)       Turns: 6546, Time: 00:09:51

Health: 0/62       AC:  1    Str: 21    XL:     9   Next: 22%
Magic:  0/13       EV: 13    Int: 15    God:    Zin [***...]
Gold:   243        SH:  5    Dex: 11    Spells: 10/10 levels left

rFire   . . .        o - +2 whip (elec)
rCold   . . .        b - +0 buckler
rNeg    . . .        (helmet restricted)
rPois   .            j - amulet of guardian spirit
rElec   .            S - +6 ring of strength
rCorr   .            W - ring of willpower
SInv    .            Z - ring of wizardry
Will    +....        (no ring)
Stlth   ++           (no ring)
HPRegen 0.30/turn    (no ring)
MPRegen 0.13/turn    (no ring)
                     (no ring)

%: guardian spirit, wizardry (x1)
@: on recite cooldown
A: almost no armour, amphibious, 8 rings, camouflage 1, gelatinous body 1,
(nimble swimmer 1), tentacles
a: Renounce Religion, Recite, Vitalisation, Imprison, Donate Gold


You were on level 6 of the Dungeon.
You worshipped Zin.
Zin was most pleased with you.
You visited 1 branch of the dungeon, and saw 6 of its levels.

You collected 269 gold pieces.
You donated 26 gold pieces to Zin.


Innate Abilities, Weirdness & Mutations

You cannot wear most types of armour.
You are amphibious.
You can wear up to eight rings at the same time.
Your skin changes colour to match your surroundings (Stealth+).
Your rubbery body absorbs attacks. (AC +1, EV +1)
((You are camouflaged when in or above water. (Stealth+)))
You have tentacles for arms and can constrict up to eight enemies at once.


   Skills:
 - Level 6.0 Fighting
 - Level 5.0 Maces & Flails
 - Level 2.0 Polearms
 - Level 4.0 Dodging
 + Level 7.3 Shields
 - Level 1.0 Spellcasting
 - Level 6.0 Invocations


You had 10 spell levels left.
You didn't know any spells.
Your spell library contained the following spells:

 Spells                   Type           Power      Damage    Failure   Level
 Shock                    Conj/Air       0%         1d3       12%         1
 Ensorcelled Hibernation  Hex/Ice        0%         N/A       17%         2
 Passwall                 Erth           0%         N/A       32%         3
 Stone Arrow              Conj/Erth      0%         3d7       32%         3
 Swiftness                Air            0%         N/A       32%         3
 Airstrike                Air            0%         2d(0-16)  71%         4
 Lehudib's Crystal Spear  Conj/Erth      0%         10d2      100%        8
 Animate Armour           Summ/Erth      Unusable   N/A       N/A         4

Inventory:

Hand Weapons
 a - a +0 trident
 o - a +2 whip of electrocution (weapon)
Missiles
 t - 5 darts of dispersal {=f}
Armour
 b - a +0 buckler (worn)
 u - a +0 kite shield
Jewellery
 j - an amulet of guardian spirit (around mantle)
 F - a ring of fire
 S - a +6 ring of strength (left tentacle)
 W - a ring of willpower (right tentacle)
 Z - a ring of wizardry (on tentacle)
Wands
 g - a wand of light (4)
 r - a wand of flame (11) (quivered)
Scrolls
 h - a scroll of brand weapon {unknown}
 i - 2 scrolls of amnesia {unknown}
 k - a scroll of blinking {unknown}
 m - 2 scrolls of noise {unknown}
 n - a scroll of enchant weapon {unknown}
 p - a scroll of teleportation {unknown}
 q - a scroll of vulnerability {unknown}
 w - a scroll of poison {unknown}
Potions
 c - 2 potions of might
 d - 2 potions of heal wounds {@q2}
 e - 3 potions of enlightenment
 f - 2 potions of brilliance
 l - 5 potions of curing {@q1}
 s - 2 potions of haste {unknown}
 v - 2 potions of berserk rage {unknown}

Dungeon Overview and Level Annotations

Branches:
Dungeon (6/15)             Temple (0/1) D:4

Altars:
Dithmenos
Gozag
Hepliaklqana
Qazlal
Trog
Wu Jian
Yredelemnul
Zin

Shops:
D:5 [

Annotations:
D:6 1 runed translucent door, Crazy Yiuf

##▒..⚑...▒ ##........▒
#....(....▒ #..▒..⚑..▒▒
##### #..▒▒▒▒▒▒▒ #...#
#..▒W§§§▒▒# #...#
##..▒▒§§▒▒.#
#...####....▒▒▒▒..#
#####..)@.............#
........#####.........#
#####.gg# #.........#
#..g# #.........# ##
#...#########.##### .#
#..........##.# ..
#...######....# #####
.. #.### ###..###....
.. #. ##...#...#


You could see a gnoll bouda and 2 gnolls.


Message History

The gnoll is almost dead.
You constrict the gnoll.
The troll shouts!
The gnoll hits you with a +0 spear!
You hit the gnoll but do no damage. Lightning courses through the gnoll!
You kill the gnoll!
The gnoll barely misses you.
You catch the helpless troll completely off-guard!
You hit the troll but do no damage. Lightning courses through the troll!
The troll is heavily wounded.
You hit the troll. Lightning courses through the troll!
The troll is severely wounded.
The troll barely misses you. The troll closely misses you. The troll claws you!
The gnoll barely misses you.
You hit the troll. You squeeze the troll.
The troll is almost dead.
The gnoll closely misses you. The troll bites you! The troll misses you.
You block the troll's attack.
You hit the troll.
The troll is almost dead.
The gnoll hits you from afar with a +0 spear.
* * * LOW HITPOINT WARNING * * *
The troll bites you!!
* * * LOW HITPOINT WARNING * * *
You block the troll's attack. The troll claws you!
* * * LOW HITPOINT WARNING * * *
You hit the troll. You squeeze the troll.
You kill the troll!
The gnoll hits you from afar with a +0 spear!
You die...

Skill      XL: |  1  2  3  4  5  6  7  8  9 |
---------------+----------------------------+-----
Fighting       | 4 6 |  6.0
Invocations    | 1 3 4 5 6 |  6.0
Shields        | 4 5 6 7 |  7.3
Dodging        | 4 |  4.0
Maces & Flails | 1 5 |  5.0
Spellcasting   | 1 |  1.0
Polearms       | |  2.0

Action                     |  1- 3 |  4- 6 |  7- 9 || total
---------------------------+-------+-------+-------++-------
  Melee: Trident           |    60 |    92 |       ||   152
         Constrict         |    14 |    17 |    27 ||    58
         Tentacles         |    11 |    21 |    27 ||    59
         Punch             |     1 |       |     1 ||     2
         Whip              |       |       |   115 ||   115
 Invoke: Recite            |       |       |     5 ||     5
  Evoke: Wand              |       |     3 |     5 ||     8
    Use: Scroll            |       |     5 |       ||     5
   Stab: Sleeping          |     8 |     3 |     5 ||    16
         Confused          |       |       |     1 ||     1
         Invisible         |       |       |     1 ||     1
 Armour: Skin              |    11 |    41 |    68 ||   120
  Dodge: Dodged            |    13 |    38 |    65 ||   116
  Block: Buckler           |     7 |    18 |    24 ||    49

Levels and vault maps discovered:
D:1:      shiori_arrival_elements, layout_basic, shapermc_ecumenical_altar_venn,
          kennysheep_boxes
D:2:      layout_loops_ring
D:3:      layout_rooms, old_standard_altar,
          nicolae_gozag_cash_rules_everything_around_me,
          overflow_temple_1_default, minmay_misc_feat_doors
D:4:      layout_basic, nicolae_qazlal_style_of_elements,
          minmay_temple_entry_glassed_door, serial_glass, glass_columns_b,
          glass_columns_a, glass_columns_c, grunt_ministairs_3, uniq_pikel,
          uniq_natasha
D:5:      layout_loops_ring, trog_antimagical, serial_glass, glass_columns_a,
          glass_columns_b, glass_columns_a, glass_columns_a, glass_columns_a,
          item_on_display_a, feat_on_display, item_on_display_a,
          due_unseen_surprise, serial_shops, kennysheep_little_box
D:6:      layout_rooms, riverfiend_overflow_shadow_ancestor, uniq_duvessa,
          uniq_crazy_yiuf_cottage

Notes
Turn   | Place    | Note
-------+----------+-------------------------------------------
     0 | D:1      | Wormsign the Octopode Fighter began the quest for the Orb.
     0 | D:1      | Reached XP level 1. HP: 16/16 MP: 1/1
   154 | D:1      | Reached XP level 2. HP: 21/21 MP: 2/2
   219 | D:1      | Found a faded altar of an unknown god.
   233 | D:1      | Prayed at the altar of an unknown god.
   233 | D:1      | Became a worshipper of Zin the Law-Giver
   233 | D:1      | Reached * piety under Zin
  1147 | D:2      | Reached skill level 4 in Fighting
  1173 | D:2      | Reached XP level 3. HP: 27/27 MP: 3/3
  1343 | D:2      | Reached skill level 1 in Invocations
  1879 | D:3      | Found an ornate altar of the Wu Jian Council.
  1895 | D:3      | Reached XP level 4. HP: 33/33 MP: 5/5
  2038 | D:3      | Reached ** piety under Zin
  2082 | D:3      | Reached skill level 2 in Invocations
  2251 | D:3      | Found a basalt altar of Yredelemnul.
  2322 | D:3      | Found an opulent altar of Gozag.
  2329 | D:3      | Reached skill level 4 in Shields
  2329 | D:3      | Reached skill level 3 in Invocations
  2329 | D:3      | Reached XP level 5. HP: 16/37 MP: 3/7
  2584 | D:4      | Noticed a phantom
  2620 | D:3      | Killed a phantom
  2621 | D:3      | Reached skill level 4 in Invocations
  2621 | D:3      | Reached XP level 6. HP: 22/43 MP: 5/9
  2887 | D:4      | Noticed a fire elemental
  2888 | D:4      | Found a stormy altar of Qazlal.
  2888 | D:4      | Noticed Pikel
  3084 | D:5      | Entered Level 5 of the Dungeon
  3224 | D:5      | HP: 1/44 [Pikel/+2 whip of electrocution (7)]
  3226 | D:5      | Killed Pikel
  3227 | D:5      | Reached skill level 5 in Fighting
  3227 | D:5      | Reached skill level 5 in Shields
  3227 | D:5      | Reached skill level 5 in Invocations
  3227 | D:5      | Reached skill level 6 in Fighting
  3227 | D:5      | Reached skill level 4 in Dodging
  3227 | D:5      | Reached XP level 7. HP: 2/52 MP: 0/10
  3431 | D:4      | Reached *** piety under Zin
  3452 | D:4      | Reached skill level 1 in Maces & Flails
  3452 | D:4      | Reached skill level 1 in Spellcasting
  3452 | D:4      | Reached XP level 8. HP: 47/57 MP: 11/11
  3534 | D:4      | Noticed Natasha
  3540 | D:4      | Killed Natasha
  3541 | D:4      | Reached skill level 2 in Maces & Flails
  3701 | D:4      | Noticed Natasha
  3706 | D:4      | Killed Natasha
  3816 | D:4      | Noticed Natasha
  3822 | D:4      | Noticed an air elemental
  3828 | D:4      | Killed Natasha
  3869 | D:4      | Found a staircase to the Ecumenical Temple.
  3931 | D:4      | Noticed a water elemental
  3967 | D:5      | Reached skill level 3 in Maces & Flails
  4357 | D:5      | Found a bloodstained altar of Trog.
  4481 | D:5      | Reached skill level 4 in Maces & Flails
  4556 | D:5      | Reached skill level 6 in Invocations
  4752 | D:5      | Reached **** piety under Zin
  4838 | D:5      | Reached skill level 5 in Maces & Flails
  4881 | D:5      | Found Ipalary's Antique Armour Shop.
  5463 | D:6      | Reached skill level 6 in Shields
  5471 | D:6      | Reached XP level 9. HP: 17/62 MP: 4/13
  5913 | D:6      | Found a runed translucent door.
  5914 | D:6      | Noticed Crazy Yiuf
  5993 | D:6      | Noticed Dowan
  6198 | D:6      | Killed Dowan
  6356 | D:6      | Reached skill level 7 in Shields
  6361 | D:6      | Noticed Duvessa
  6372 | D:6      | Killed Duvessa
  6517 | D:6      | Found a hazy altar of Hepliaklqana.
  6518 | D:6      | Found a shadowy altar of Dithmenos.
  6530 | D:6      | Noticed a troll
  6546 | D:6      | Killed a troll
  6546 | D:6      | Slain by a gnoll

Vanquished Creatures
  Pikel (D:5)
  A troll (D:6)
  A water moccasin (D:5)
  Duvessa (D:6)
  An ice beast (D:5)
  A black bear (D:5)
  A centaur (D:6)
  2 lemures (D:4)
  A phantom (D:3)
  A kobold brigand (D:6)
  A brain worm (D:5)
  A bullfrog (D:6)
  2 scorpions
  Dowan (D:6)
  2 bombardier beetles
  6 hounds
  2 jellies
  4 iguanas
  Natasha (thrice) (D:4)
  A gnoll (D:6)
  6 adders
  2 ufetubi (D:5)
  2 dart slugs
  2 ribbon worms
  10 orcs
  8 ball pythons
  6 endoplasms
  3 giant cockroaches
  11 hobgoblins
  3 jackals (D:1)
  3 quokkas
  3 bats
  3 frilled lizards
  6 goblins
  6 kobolds
  7 rats
115 creatures vanquished.

Table legend: (Time is in decaauts)
 A = Elapsed time spent in this place.
 B = Non-inter-level travel time spent in this place.
 C = Inter-level travel time spent in this place.
 D = Time resting spent in this place.
 E = Time spent auto-exploring this place.
 F = Levels seen in this place.
 G = Mean time per level.
                   A        B        C        D        E       F      G
               +--------+--------+--------+--------+--------+-----+--------+
         Total |   6580 |   6258 |    322 |   1721 |   3567 |   6 | 1096.7 |
       Dungeon |   6580 |   6258 |    322 |   1721 |   3567 |   6 | 1096.7 |
               +--------+--------+--------+--------+--------+-----+--------+

Top non-repeatable levels by time:
     D:5: 1690 daAuts
     D:4: 1134 daAuts
     D:1: 1117 daAuts
     D:6: 966 daAuts
     D:3: 903 daAuts
     D:2: 768 daAuts

Table legend:
 A = Non-vault XP
 B = Vault XP
 C = Vault XP percentage of total XP
 D = Non-vault monster count
 E = Vault monster count
 F = Vault count percentage of total count
                 A         B        C        D         E       F
            +---------+---------+-------+---------+---------+-------
      Total |    2163 |    1008 |  31.8 |     104 |       9 |   8.0
            +---------+---------+-------+---------+---------+-------
        D:1 |      26 |       0 |   0.0 |      16 |       0 |   0.0
        D:2 |      52 |       0 |   0.0 |      16 |       0 |   0.0
        D:3 |     273 |       0 |   0.0 |      23 |       0 |   0.0
        D:4 |     355 |      52 |  12.8 |      23 |       3 |  11.5
        D:5 |     716 |     749 |  51.1 |      14 |       4 |  22.2
        D:6 |     741 |     207 |  21.8 |      12 |       2 |  14.3
            +---------+---------+-------+---------+---------+-------
